 Seeded DCSS version 0.28-a0-1130-gc51a68064b (webtiles) character file.

Game seed: 484818770299775313 (custom seed)

1094 flotson the Skirmisher (level 8, -9/61 HPs)
             Began as a Demonspawn Delver on Dec 12, 2021.
             Was a Follower of Qazlal.
             Mangled by a two-headed ogre (22 damage)
             ... on level 5 of the Dungeon.
             The game lasted 00:09:58 (5509 turns).

flotson the Skirmisher (Demonspawn Delver)          Turns: 5509, Time: 00:09:59

Health: -9/61      AC: 17    Str: 22    XL:     8   Next: 10%
Magic:  20/20      EV:  9    Int: 14    God:    Qazlal [*.....]
Gold:   228        SH:  2    Dex: 14    Spells: 7/7 levels left

rFire   + . .      SeeInvis .   b - +9 arbalest "Nyit" {freeze, Int+3}
rCold   . . .      Faith    +   (shield currently unavailable)
rNeg    . . .      Spirit   .   y - +3 chain mail "Kappu" {+Inv rPois rF+ MP+9}
rPois   +          Reflect  .   p - +1 hat
rElec   .          Harm     .   k - +2 cloak
rCorr   .          Rampage  .   (no gloves)
Will    .....                   w - +0 pair of boots
Stlth   ..........              C - amulet of faith
HPRegen 0.20/turn               n - +6 ring of strength
MPRegen 0.17/turn               (no ring)

@: no status effects
A: foul stench 1, demonic magic 1
a: Renounce Religion, Evoke Invisibility


You were on level 5 of the Dungeon.
You worshipped Qazlal.
Qazlal was aware of your devotion.
You visited 1 branch of the dungeon, and saw 5 of its levels.

You collected 228 gold pieces.

Inventory:

Hand Weapons
 a - a +0 quarterstaff
 b - the +9 arbalest "Nyit" (weapon) {freeze, Int+3}
   (You found it on level 5 of the Dungeon)

   Any ammunition fired from it freezes those it strikes, dealing additional
   cold damage.
   It can also slow down cold-blooded creatures.
   Int:       It affects your intelligence (+3).
Missiles
 r - 18 bolts (quivered ammo)
 s - 51 poisoned darts
Armour
 k - a +2 cloak (worn)
 p - a +1 hat (worn)
 w - a +0 pair of boots (worn)
 y - the +3 chain mail "Kappu" (worn) {+Inv rPois rF+ MP+9}
   (You found it on level 5 of the Dungeon)

   rF:        It protects you from fire.
   rPois:     It protects you from poison.
   MP:        It affects your magic capacity (+9).
   +Inv:      It lets you turn invisible.
Jewellery
 i - the ring of Xiqa {rF- rC+ Will- AC+4 Dex+9}
   (You found it on level 5 of the Dungeon)

   [ring of protection]

   AC:        It affects your AC (+4).
   Dex:       It affects your dexterity (+9).
   rF:        It makes you vulnerable to fire.
   rC:        It protects you from cold.
   Will:      It decreases your willpower.
 n - a +6 ring of strength (left hand)
 C - an amulet of faith (around neck)
Wands
 g - a wand of digging (3)
 B - a wand of paralysis (4)
Scrolls
 c - 3 scrolls of fog
 d - a scroll of magic mapping
 e - 2 scrolls of fear
 h - 3 scrolls of noise {unknown}
 l - 2 scrolls of teleportation {unknown}
 m - a scroll of blinking {unknown}
 t - 4 scrolls of identify {unknown}
 u - a scroll of immolation {unknown}
 v - a scroll of enchant weapon {unknown}
Potions
 f - a potion of haste
 j - a potion of ambrosia {unknown}
 o - a potion of might {unknown}
 q - a potion of berserk rage {unknown}
 x - a potion of resistance {unknown}
 z - a potion of flight {unknown}
 A - a potion of curing {unknown}


   Skills:
 + Level 4.9 Fighting
 - Level 1.7 Polearms
 * Level 3.9 Crossbows
 + Level 3.3 Armour
 + Level 4.0 Dodging
 - Level 4.5 Stealth
 + Level 4.0 Invocations
 + Level 2.9 Evocations


You had 7 spell levels left.
You didn't know any spells.
Your spell library was empty.

Dungeon Overview and Level Annotations

Branches:
Dungeon (5/15)             Temple (0/1) D:4

Altars:
Elyvilon
Gozag
Qazlal
Wu Jian
Xom

Annotations:
D:5 2 runed translucent doors, Pikel


Innate Abilities, Weirdness & Mutations

You may rarely emit foul miasma when damaged in melee.
Spells you cast may paralyse adjacent enemies.


Message History

Okay, then.
Okay, then.
Unknown command.
Unknown command.
Unknown command.
You feel clever.
The +9 arbalest "Nyit" {freeze, Int+3} is covered in frost.
b - the +9 arbalest "Nyit" (weapon)
{freeze, Int+3} You hear two shouts!
You shoot a bolt. The bolt hits the iguana!
The bolt freezes the iguana.
The iguana is severely wounded.
A two-headed ogre comes into view. It is wielding two +0 giant clubs.
You shoot a bolt. The bolt barely misses the iguana.
The bolt hits the two-headed ogre!!
The bolt freezes the two-headed ogre.
The two-headed ogre is heavily wounded.
The iguana barely misses you.
You shoot a bolt. The bolt hits the two-headed ogre!
The bolt freezes the two-headed ogre.
The two-headed ogre is heavily wounded.
The two-headed ogre hits you with a +0 giant club! x2
You shoot a bolt. The bolt hits the two-headed ogre!!
The bolt freezes the two-headed ogre!
The two-headed ogre is almost dead.
The two-headed ogre hits you with a +0 giant club!
The two-headed ogre closely misses you. You block the two-headed ogre's attack.
The two-headed ogre hits you with a +0 giant club!
* * * LOW HITPOINT WARNING * * *
There is an open door here.
Fire: 19 bolts
Press: ? - help, Q - select action, (/) - cycle Shift-Dir - straight line, f/p - two-headed ogre
Aim: a two-headed ogre, wielding two +0 giant clubs (almost dead, 81% to hit)
You shoot a bolt.
The bolt barely misses the two-headed ogre.
The bolt hits the iguana!!
The iguana seems to slow down.
The bolt freezes the iguana.
You kill the iguana!
Qazlal accepts your kill.
The two-headed ogre hits you with a +0 giant club!!
You die...

..### ....#####
........#####
..#...#.....##
.............#
....######...###
.).##.l.l##....##
...#.####.#..#§.####
##.#(#.#..#..(.O@..##
...#(##.#)'.##++##..#
#..#(.#######8..8##.#
##.##. #8....8#.##
#... ## #[.....#..#
....###### #......#..#
.#.##.#..# #8....8#..#
...#†##.#####8..8##..#
...#.#.##.'.##''##...#


You could see a two-headed ogre.

Vanquished Creatures
  An unseen horror (D:5)
  A troll (D:5)
  A water moccasin (D:5)
  The ghost of flotson the Sneak, an amateur DsDe (D:4)
  3 lemures
  A phantom (D:5)
  A killer bee (D:5)
  A water moccasin skeleton (D:4)
  A jelly (D:5)
  3 orc priests
  2 iguanas
  5 adders
  An ufetubus (D:5)
  An adder skeleton (D:5)
  A dart slug (D:5)
  8 orcs
  5 ball pythons
  11 endoplasms
  5 hobgoblins
  7 jackals
  4 kobolds
  5 quokkas
  7 bats
  2 frilled lizards
  4 goblins
  3 rats
85 creatures vanquished.

Vanquished Creatures (others)
  3 fungi (D:1)
  A plant (D:1)
4 creatures vanquished.

Grand Total: 89 creatures vanquished

Notes
Turn   | Place    | Note
-------+----------+-------------------------------------------
     0 | D:5      | flotson the Demonspawn Delver began the quest for the Orb.
     0 | D:5      | Reached XP level 1. HP: 18/18 MP: 1/1
     1 | D:5      | Identified the +9 arbalest "Nyit" {freeze, Int+3}
   162 | D:3      | Found a shimmering altar of Xom.
   350 | D:3      | Gained mutation: You may rarely emit foul miasma when
                  | damaged in melee. [demonic ancestry]
   350 | D:3      | Reached XP level 2. HP: 22/24 MP: 2/2
   396 | D:2      | Reached skill level 1 in Armour
   402 | D:2      | Reached XP level 3. HP: 19/29 MP: 3/3
   807 | D:1      | Found a faded altar of an unknown god.
  1257 | D:1      | Noticed a troll
  1263 | D:1      | Noticed an octopode
  1265 | D:1      | Noticed a vampire
  1265 | D:1      | Noticed a gargoyle
  1267 | D:1      | Noticed an octopode
  1271 | D:1      | Noticed a demonspawn
  2175 | D:3      | Reached XP level 4. HP: 37/37 MP: 4/4
  2238 | D:3      | Found a stormy altar of Qazlal.
  2476 | D:3      | Became a worshipper of Qazlal Stormbringer
  2950 | D:3      | Found an ornate altar of the Wu Jian Council.
  3182 | D:4      | Found a staircase to the Ecumenical Temple.
  3653 | D:4      | Reached skill level 1 in Invocations
  3653 | D:4      | Reached XP level 5. HP: 37/42 MP: 5/5
  3695 | D:4      | Reached skill level 1 in Crossbows
  3710 | D:4      | Found an opulent altar of Gozag.
  3790 | D:4      | Found a runed translucent gate.
  3790 | D:4      | Found a runed translucent gate.
  3790 | D:4      | Found a runed translucent gate.
  3817 | D:4      | Noticed flotson's ghost (amateur DsDe)
  3831 | D:4      | Killed flotson's ghost
  3832 | D:4      | Reached skill level 1 in Evocations
  4213 | D:4      | Gained mutation: Spells you cast may paralyse adjacent
                  | enemies. [demonic ancestry]
  4213 | D:4      | Reached XP level 6. HP: 48/48 MP: 7/7
  4440 | D:5      | Noticed Pikel
  4596 | D:5      | Reached * piety under Qazlal
  4788 | D:5      | Found a large runed translucent door.
  4790 | D:5      | Found a large runed translucent door.
  4796 | D:5      | Noticed a troll
  4881 | D:5      | Killed a troll
  4882 | D:5      | Reached XP level 7. HP: 25/55 MP: 7/9
  5171 | D:5      | Found a large runed translucent door.
  5171 | D:5      | Found a large runed translucent door.
  5176 | D:5      | Identified the +3 chain mail "Kappu" {+Inv rPois rF+ MP+9}
  5195 | D:5      | Identified the ring of Xiqa {rF- rC+ Will- AC+4 Dex+9}
  5360 | D:5      | Killed an unseen horror
  5361 | D:5      | Reached XP level 8. HP: 50/61 MP: 11/11
  5492 | D:5      | Noticed a two-headed ogre
  5509 | D:5      | Mangled by a two-headed ogre

Illustrated notes

Levels and vault maps discovered:
D:1:      shiori_arrival_whats_in_store_for_you, layout_basic,
          shapermc_ecumenical_altar_mp_urbaneastern, serial_corexii_hall,
          chequers_hall_statues_y, chequers_hall_statues_wall_a,
          chequers_serial_rivers_micro_e
D:2:      layout_basic, minmay_misc_feat_roman, minmay_cut_off
D:3:      layout_loops_ring, mainiacjoe_overflow_boulevard,
          nzn_wu_jian_council_hall, mainiacjoe_overflow_alcove_4,
          minmay_goblin_kobold_house
D:4:      layout_basic, nicolae_elyvilon_temple_path, mainiacjoe_overflow_paths,
          minmay_temple_entry_crystal_x, ebering_ghost_rock_garden
D:5:      layout_cave_pools, chequers_serial_rivers_micro_a,
          minmay_hollow_rounded_squares, uniq_pikel

Skill      XL: |  1  2  3  4  5  6  7 |
---------------+----------------------+-----
Dodging        | 2 3 4 |  4.0
Armour         | 1 2 3 |  3.3
Invocations    | 1 2 3 4 |  4.0
Crossbows      | 1 3 |  3.9
Fighting       | 4 |  4.9
Evocations     | 1 2 |  2.9
Polearms       | |  1.7
Stealth        | |  4.5

Action                   |  1- 3 |  4- 6 |  7- 9 || total
-------------------------+-------+-------+-------++-------
Melee: Spear             |   116 |    63 |       ||   179
       Quarterstaff      |       |    30 |     4 ||    34
 Fire: Arbalest          |       |    53 |    25 ||    78
 Stab: Sleeping          |    12 |     6 |       ||    18
Armor: Ring mail         |    27 |    61 |       ||    88
       Chain mail        |       |       |    25 ||    25
Dodge: Dodged            |    39 |    89 |    13 ||   141
Block: Other             |       |       |     2 ||     2

Table legend: (Time is in decaauts)
 A = Elapsed time spent in this place.
 B = Non-inter-level travel time spent in this place.
 C = Inter-level travel time spent in this place.
 D = Time resting spent in this place.
 E = Time spent auto-exploring this place.
 F = Levels seen in this place.
 G = Mean time per level.
                   A        B        C        D        E       F      G
               +--------+--------+--------+--------+--------+-----+--------+
         Total |   5580 |   5362 |    218 |    180 |   4220 |   5 | 1116.0 |
       Dungeon |   5580 |   5362 |    218 |    180 |   4220 |   5 | 1116.0 |
               +--------+--------+--------+--------+--------+-----+--------+

Top non-repeatable levels by time:
     D:4: 1450 daAuts
     D:2: 1239 daAuts
     D:5: 1105 daAuts
     D:3: 1024 daAuts
     D:1: 761 daAuts
